Description

https://www.youtube.com/watch?v=VHpKrAj1QPo&feature=youtu.be&t=18006

VOD

https://www.youtube.com/watch?v=VHpKrAj1QPo&feature=youtu.be&t=18006

Replay - bAd v ViBE - Zen LE

Build Order

Get SALT Encoding   

  12  0:01  Drone  
  13  0:13  Overlord  
  13  0:16  Drone  
  14  0:31  Drone x2  
  16  0:41  Drone  
  17  0:53  Hatchery  
  17  0:56  Drone x2  
  18  1:10  Extractor  
  17  1:15  Spawning Pool  
  17  1:18  Drone x2  
  18  1:29  Drone  
  19  1:43  Overlord  
  21  2:09  Queen x2  
  21  2:14  Metabolic Boost  
  32  2:44  Overlord  inject
  33  2:56  Hatchery  
  33  3:03  Roach Warren  in main
  32  3:11  Overlord x2  make 4 overlords, inject
  33  3:24  Queen  pull 2 drones off gas at 200
  35  3:43  Roach x6  roaches until out of gas
  47  3:51  Roach x3  inject
  47  3:54  Zergling x4  
  55  4:05  Zergling x6  
  58  4:12  Zergling x4  
  60  4:20  Zergling x6  inject
Spawning Tool Build Advisor. Get it on Overwolf

Go to:

Details

  • Created by: matthewpiatetsky
  • Published on: Jan 05, 2020
  • Modified on: Jan 05, 2020
  • Patch: 4.11.0
Show
View Real Time Build Order
Export as new Build Order

Comments (0)

There are no comments. Be the first!

Create an account to comment!